 Dungeon Crawl Stone Soup version 0.32-a0-913-g739538afd8 (webtiles) character file.

Game seed: 6615342246936612555

413 Stormracerdan the Covered (level 6, -10/53 HPs)
             Began as a Minotaur Fighter on Apr 7, 2024.
             Killed from afar by Prince Ribbit the acid dragon (22 damage)
             ... with a splash of acid
             ... on level 5 of the Dungeon.
             The game lasted 00:11:03 (3768 turns).

Stormracerdan the Covered (Minotaur Fighter)        Turns: 3768, Time: 00:11:04

Health: -10/53     AC: 11    Str: 21      XL:     6   Next: 59%
Magic:  5/5        EV:  4    Int:  4 (5)  God:
Gold:   312        SH:  8    Dex:  9 (11) Spells: 5/5 levels left

rFire   . . .        a - +1 war axe
rCold   . . .        g - +0 kite shield
rNeg    . . .        e - +2 plate armour
rPois   .            (helmet restricted)
rElec   .            (no cloak)
rCorr   .            j - +0 pair of gloves
SInv    .            (no boots)
Will    .....        (no amulet) Stlth
                     (no ring)
HPRegen 0.28/turn    (no ring)
MPRegen 0.09/turn

%: no passive effects
@: mighty, corroded
A: horns 2, retaliatory headbutt
a: no special abilities


You were on level 5 of the Dungeon.
You visited 1 branch of the dungeon, and saw 5 of its levels.

You collected 312 gold pieces.

Inventory:

Hand Weapons
 a - a +1 war axe (weapon)
 f - a +0 great sword
Missiles
 n - 3 stones (quivered)
Armour
 e - a +2 plate armour (worn)
 g - a +0 kite shield (worn)
 j - a +0 pair of gloves (worn)
Wands
 k - a wand of polymorph (5)
Scrolls
 c - a scroll of fear
 h - 2 scrolls of silence
 l - a scroll of identify
 m - a scroll of teleportation
Potions
 b - a potion of enlightenment
 i - a potion of heal wounds
 o - 2 potions of ambrosia


   Skills:
 * Level 4.4 Fighting
 * Level 5.1 Axes
 * Level 2.0 Throwing
 * Level 5.1 Armour
 * Level 1.9 Dodging
 * Level 4.8 Shields
 * Level 0.6 Evocations


You had 5 spell levels left.
You didn't know any spells.
Your spell library contained the following spells:

 Spells                   Type           Power      Damage    Failure   Level
 Cause Fear               Hex            0%         N/A       100%        4
 Fireball                 Conj/Fire      0%         3d3       100%        5
 Dragon's Call            Summ           0%         N/A       100%        9


Dungeon Overview and Level Annotations

Branches:
Dungeon (5/15)
 Temple: D:4-7

Altars:
Dithmenos
Qazlal
Zin

Annotations:
D:5 Prince Ribbit


Innate Abilities, Weirdness & Mutations

You have a pair of horns on your head.
You reflexively headbutt those who attack you in melee.


Message History

Aiming: Polymorph
Press: ? - help, Shift-Dir - straight line, f/p - Prince Ribbit
Aim: Prince Ribbit (will become a blink frog, an acid dragon, or a meliai, chance to affect: 32%) Prince Ribbit evaporates and reforms as an acid dragon!
Prince Ribbit spits acid at you. The splash of acid hits you!!
Prince Ribbit spits acid at you. You block the splash of acid.
You barely miss Prince Ribbit.
Prince Ribbit bites you but does no damage.
Prince Ribbit claws you. Prince Ribbit bites you. Prince Ribbit claws you.
You hit Prince Ribbit.
Prince Ribbit is lightly wounded.
You block Prince Ribbit's attack.
Prince Ribbit claws you but does no damage.
You hit Prince Ribbit but do no damage.
Prince Ribbit is lightly wounded.
You block Prince Ribbit's attack.
Prince Ribbit claws you but does no damage.
You block Prince Ribbit's attack. Prince Ribbit claws you.
Sorry, you're not good enough to have a special ability.
You feel much better. Prince Ribbit barely misses you.
Prince Ribbit claws you but does no damage.
You feel very mighty all of a sudden. Prince Ribbit spits acid at you.
The splash of acid hits you! The acid corrodes you!
You barely miss Prince Ribbit.
Prince Ribbit is lightly wounded.
Prince Ribbit bites you! You block Prince Ribbit's attack.
You slash Prince Ribbit! Your headbutt misses Prince Ribbit.
Prince Ribbit is severely wounded.
Prince Ribbit bites you.
* * * LOW HITPOINT WARNING * * *
You block Prince Ribbit's attack.
You hit Prince Ribbit but do no damage.
Prince Ribbit is severely wounded.
You block Prince Ribbit's attack. Prince Ribbit barely misses you.
Prince Ribbit spits acid at you. The splash of acid hits you!!
You die...

# ..################# ##
.............##...## #.
...............##..####.
.................#...##.
......D@.........##.....
##...............####...
###............## ##..
###......##### #..
###...... ###.. ###.....
###.... #...... .......
...#### #######


You could see Prince Ribbit the acid dragon (catching breath).

Vanquished Creatures
  A phantom (D:4)
  A jelly (D:4)
  A bombardier beetle (D:3)
  2 orc priests
  An iguana (D:4)
  Robin (D:3)
  3 adders
  3 gnolls (D:3)
  4 dart slugs
  A ribbon worm (D:2)
  11 orcs
  8 ball pythons
  8 bats
  10 endoplasms
  3 giant cockroaches
  15 goblins
  12 hobgoblins
  3 quokkas
  A ball python skeleton (D:3)
  A ball python zombie (D:3)
  5 frilled lizards
  11 kobolds
  5 rats
111 creatures vanquished.

Notes
Turn   | Place    | Note
-------+----------+-------------------------------------------
     0 | D:1      | Stormracerdan the Minotaur Fighter began the quest for the
                  | Orb.
     0 | D:1      | Reached XP level 1. HP: 19/19 MP: 0/0
   195 | D:1      | Reached XP level 2. HP: 27/27 MP: 1/1
   631 | D:2      | Reached XP level 3. HP: 33/33 MP: 2/2
  1329 | D:3      | Noticed Robin
  1339 | D:3      | Killed Robin
  1340 | D:3      | Reached skill level 1 in Dodging
  1340 | D:3      | Reached XP level 4. HP: 38/40 MP: 3/3
  1343 | D:3      | Reached skill level 1 in Throwing
  1499 | D:3      | Found a glowing silver altar of Zin.
  2397 | D:3      | Reached XP level 5. HP: 46/46 MP: 4/4
  2452 | D:3      | Found a shadowy altar of Dithmenos.
  2786 | D:4      | Found a stormy altar of Qazlal.
  2855 | D:4      | Noticed a phantom
  2870 | D:4      | Killed a phantom
  2871 | D:4      | Reached skill level 5 in Armour
  2963 | D:4      | Reached XP level 6. HP: 49/52 MP: 5/5
  3507 | D:5      | Entered Level 5 of the Dungeon
  3552 | D:5      | Reached skill level 5 in Axes
  3750 | D:5      | Noticed Prince Ribbit
  3756 | D:5      | Prince Ribbit changed into Prince Ribbit the acid dragon
  3756 | D:5      | Noticed Prince Ribbit
  3768 | D:5      | Killed from afar by Prince Ribbit the acid dragon

Illustrated notes

Levels and vault maps discovered:
D:1:      ncdulo_smallfort, layout_loops_ring
D:2:      layout_loops_ring, kennysheep_crisscross
D:3:      wad_crossroads, layout_basic, grunt_dithmenos_smoke_and_mirrors,
          mainiacjoe_overflow_catwalk, serial_undead, serial_undead_a,
          serial_undead_d, serial_undead_c, serial_undead_d, grunt_ministairs_4,
          nrook_campfire, uniq_robin
D:4:      layout_rooms, mainiacjoe_overflow_tiny_flanked, minmay_bent
D:5:      layout_cave_pods, cheibriados_altar_2,
          nicolae_gozag_conspicuous_consumption, uniq_pikel, uniq_duvessa,
          uniq_prince_ribbit1

Skill      XL: |  1  2  3  4  5  6 |
---------------+-------------------+-----
Armour         | 4 5 |  5.1
Axes           | 3 4 5 |  5.1
Fighting       | 4 |  4.4
Shields        | 4 |  4.8
Dodging        | 1 |  1.9
Throwing       | 1 2 |  2.0
Evocations     | |  0.6

Action                     |  1- 3 |  4- 6 || total
---------------------------+-------+-------++-------
  Melee: War axe           |    92 |   142 ||   234
         Headbutt          |    12 |    19 ||    31
  Throw: Stone             |    24 |    36 ||    60
  Evoke: Wand              |       |     4 ||     4
    Use: Scroll            |     4 |     7 ||    11
         Potion            |     3 |     5 ||     8
 Armour: Plate armour      |   105 |   128 ||   233
  Dodge: Dodged            |    24 |    23 ||    47
  Block: Buckler           |    14 |       ||    14
         Kite shield       |    10 |    62 ||    72

Table legend: (Time is in decaauts)
 A = Elapsed time spent in this place.
 B = Non-inter-level travel time spent in this place.
 C = Inter-level travel time spent in this place.
 D = Time resting spent in this place.
 E = Time spent auto-exploring this place.
 F = Levels seen in this place.
 G = Mean time per level.
                   A        B        C        D        E       F      G
               +--------+--------+--------+--------+--------+-----+--------+
         Total |   3890 |   3890 |      0 |    994 |   1806 |   5 |  778.0 |
       Dungeon |   3890 |   3890 |      0 |    994 |   1806 |   5 |  778.0 |
               +--------+--------+--------+--------+--------+-----+--------+

Top non-repeatable levels by time:
     D:3: 1510 daAuts
     D:4: 764 daAuts
     D:2: 695 daAuts
     D:1: 648 daAuts
     D:5: 270 daAuts
